[Event "Titled Tuesday Blitz January 10 Early 2023"]
[White "Fernandez Garcia, Gumersindo"]
[Black "Dehtiarov, Roman"]
[WhiteFideId "24516740"]
[BlackFideId "14186640"]
[WhiteElo "2160"]
[BlackElo "2289"]
[Result "1/2-1/2"]
[Round "10"]
[TimeControl "180+2"]
[Date "2023.01.10"]
[WhiteClock "0:00:12"]
[BlackClock "0:00:14"]

1. Nf3 Nf6 2. d4 d5 3. c4 e6 4. Nc3 c6 5. g3 Be7 6. Bg2 O-O 7. O-O dxc4 8. e4 b5 9. e5 Nd5 10. a4 b4 11. Ne4 a5 12. Bg5 Ba6 13. Bxe7 Qxe7 14. Nc5 Nd7 15. Nxa6 Rxa6 16. Qc2 N7b6 17. Nd2 c3 18. bxc3 Nxc3 19. Nb3 Nbd5 20. Rae1 Ra7 21. Nc5 Rb8 22. Qb3 Rd8 23. f4 Nb6 24. Ne4 Rxd4 25. Nxc3 Rd3 26. Rf3 Rxf3 27. Bxf3 Qc5+ 28. Kg2 Qxc3 29. Qxc3 bxc3 30. Rb1 Rb7 31. Bxc6 Rb8 32. Be4 g6 33. Kf2 Kf8 34. Ke2 Ke7 35. Rb5 Kd7 36. Kd3 Kc7 37. Rc5+ Kd8 38. Rb5 Rc8 39. Kc2 Nxa4 40. Rxa5 Nb6 41. Ra3 Nc4 42. Rxc3 Ne3+ 43. Kd3 Rxc3+ 44. Kxc3 Nf1 45. Kd3 Nxh2 46. Ke2 h5 47. Bg2 Kc7 48. Bh3 Kb6 49. Bg2 Kc5 50. Ke3 Ng4+ 51. Ke2 Nh6 52. Bb7 Kd4 53. Kf3 Kc5 54. Ba6 Kb6 55. Bc8 Kc7 56. Ba6 Kd8 57. Bb5 Ke7 58. Ba4 f6 59. exf6+ Kxf6 60. Ke4 Nf5 61. Kf3 Nh6 62. Bc2 Ng8 63. g4 Ne7 64. gxh5 gxh5 65. Kg3 Nf5+ 66. Kf3 Ke7 67. Bd1 Kd6 68. Ke4 h4 69. Bg4 Ke7 70. Kf3 Kd6 71. Ke4 Ke7 72. Bh3 Kf6 73. Bg4 Nh6 74. Bh3 Nf5 75. Bg4 Ke7 1/2-1/2


[Site "https://www.chess.com"]

[Event "Titled Tuesday Blitz January 10 Early 2023"]
[White "marik_spb"]
[Black "Lymar, Vladislav"]
[BlackFideId "14162180"]
[WhiteElo "2432"]
[BlackElo "2119"]
[Result "1-0"]
[Round "10"]
[TimeControl "180+2"]
[Date "2023.01.10"]
[WhiteClock "0:00:15"]
[BlackClock "0:00:36"]

1. d4 d5 2. c4 e6 3. Nf3 c5 4. g3 Nc6 5. Bg2 Nf6 6. O-O Be7 7. Nc3 O-O 8. cxd5 exd5 9. Bg5 c4 10. Ne5 Be6 11. Re1 h6 12. Bf4 Qa5 13. Nxc6 bxc6 14. e4 dxe4 15. Nxe4 Bd5 16. Qd2 Qb6 17. Bxh6 gxh6 18. Qxh6 Bxe4 19. Bxe4 Qxd4 20. Rad1 Qxb2 21. Bf5 Rfe8 22. Re4 Rad8 23. Rxd8 Rxd8 24. Rxe7 Qc1+ 25. Qxc1 1-0


[Site "https://www.chess.com"]

[Event "Titled Tuesday Blitz January 10 Early 2023"]
[White "Dvirnyy, Danyyil"]
[Black "Gurevich, Dmitry"]
[WhiteFideId "817570"]
[BlackFideId "2000407"]
[WhiteElo "2541"]
[BlackElo "2393"]
[Result "1-0"]
[Round "10"]
[TimeControl "180+2"]
[Date "2023.01.10"]
[WhiteClock "0:00:50"]
[BlackClock "0:00:06"]

1. e4 c5 2. Nf3 d6 3. Bb5+ Bd7 4. c4 Nc6 5. d4 cxd4 6. Nxd4 Nf6 7. Nc3 g6 8. h3 Bg7 9. Be3 O-O 10. O-O Rc8 11. Bxc6 Bxc6 12. Qc2 a6 13. a4 e6 14. Rfd1 Qe7 15. Bg5 h6 16. Bh4 Rc7 17. Qd3 Rfc8 18. b3 Qe8 19. Bg3 Rd7 20. b4 e5 21. Nb3 b6 22. b5 Bb7 23. a5 Nh5 24. axb6 Nxg3 25. fxg3 axb5 26. Nxb5 Rc6 27. c5 Bf8 28. Rac1 Ba6 29. Nxd6 Bxd6 30. Qxa6 Bxc5+ 31. Nxc5 Rxc5 32. b7 Rxd1+ 33. Rxd1 Qb8 34. Qa8 1-0


[Site "https://www.chess.com"]

[Event "Titled Tuesday Blitz January 10 Early 2023"]
[White "Srebrnic, Marko"]
[Black "Postny, Evgeny"]
[WhiteFideId "14603616"]
[BlackFideId "2804344"]
[WhiteElo "2366"]
[BlackElo "2549"]
[Result "0-1"]
[Round "10"]
[TimeControl "180+2"]
[Date "2023.01.10"]
[WhiteClock "0:00:08"]
[BlackClock "0:00:22"]

1. e4 c5 2. Nf3 Nc6 3. Bc4 e6 4. O-O Nf6 5. Qe2 Nxe4 6. Qxe4 d5 7. Bxd5 Qxd5 8. Nc3 Qxe4 9. Nxe4 Be7 10. d3 Nb4 11. a3 Nxc2 12. Rb1 Bd7 13. Be3 Nxe3 14. fxe3 Bb5 15. Rfd1 Rd8 16. Ne5 f6 17. Nc4 Kf7 18. Kf2 Rd7 19. Ke2 Rhd8 20. b3 e5 21. Rbc1 Ke6 22. g4 b6 23. h4 g6 24. Nc3 Bc6 25. e4 Bf8 26. g5 fxg5 27. hxg5 Be7 28. Rh1 Bxg5 29. Rcd1 Rf8 30. Rdg1 Bf4 31. a4 Rg7 32. Ke1 Rf6 33. Nd1 g5 34. Nf2 Be8 35. Ng4 Rfg6 36. Nh6 Rd7 37. Ke2 Rf6 38. Ng4 Rf8 39. Rh6+ Bg6 40. Rgh1 Rfd8 41. R1h3 Rb8 42. Na3 a6 43. Rxg6+ hxg6 44. Rh6 Rg7 45. Nc4 b5 46. axb5 axb5 47. Na5 Ra8 48. Nc6 Ra2+ 49. Kf3 Rd2 50. Nf2 g4+ 51. Nxg4 Bxh6 52. Nxh6 Rxd3+ 53. Kg4 Rxb3 54. Nd8+ Kd7 55. Ndf7 Rxf7 56. Nxf7 Ke6 57. Ng5+ Kf6 58. Nh7+ Ke7 59. Ng5 Rb1 0-1


[Site "https://www.chess.com"]

[Event "Titled Tuesday Blitz January 10 Early 2023"]
[White "Hirneise, Jens"]
[Black "Aradhya, Garg"]
[WhiteFideId "24614734"]
[BlackFideId "25006746"]
[WhiteElo "2277"]
[BlackElo "2284"]
[Result "0-1"]
[Round "10"]
[TimeControl "180+2"]
[Date "2023.01.10"]
[WhiteClock "0:00:01"]
[BlackClock "0:00:10"]

1. d4 d5 2. Nf3 Nf6 3. Bf4 Bf5 4. e3 e6 5. Nbd2 Bd6 6. Bg3 O-O 7. Be2 c5 8. c3 Nc6 9. O-O Bxg3 10. hxg3 Qb6 11. Qb3 c4 12. Qa3 Qc7 13. b3 b5 14. Nh4 Be4 15. g4 h6 16. bxc4 bxc4 17. Nhf3 Nxg4 18. g3 Bh7 19. Kg2 Nf6 20. Qc5 Nd7 21. Qa3 Rab8 22. Nh2 Rb5 23. e4 Ra5 24. Qc1 Nf6 25. f3 e5 26. exd5 Rxd5 27. Bxc4 Rd7 28. d5 Nxd5 29. Re1 Rfd8 30. Ne4 Nb6 31. Bf1 Bxe4 32. Rxe4 Rd2+ 33. Re2 Qd7 34. Qe1 Rxe2+ 35. Qxe2 Qd2 36. Re1 Qxc3 37. Qe4 Rd2+ 38. Kg1 Rd4 39. Qe2 Rd2 40. Qe4 f5 41. Qe3 Qxe3+ 42. Rxe3 Rxa2 43. Rc3 Nd4 44. Rc5 e4 45. fxe4 fxe4 46. Re5 Nf3+ 47. Nxf3 exf3 48. Re6 Kf8 49. Rc6 Rb2 50. Rc5 f2+ 51. Kg2 Ke7 52. Ra5 Kf6 53. Rxa7 Nd5 54. Ra3 Rd2 55. Rf3+ Kg5 56. Rxf2 Ne3+ 57. Kg1 Rxf2 58. Kxf2 Nxf1 59. Kxf1 Kg4 60. Kg2 h5 61. Kh2 Kf3 62. Kh3 g5 63. Kh2 g4 0-1


[Site "https://www.chess.com"]

[Event "Titled Tuesday Blitz January 10 Early 2023"]
[White "Santos Ruiz, Miguel"]
[Black "Bilan, Danila"]
[WhiteFideId "22291482"]
[BlackFideId "24161918"]
[WhiteElo "2590"]
[BlackElo "2303"]
[Result "1-0"]
[Round "10"]
[TimeControl "180+2"]
[Date "2023.01.10"]
[WhiteClock "0:01:14"]
[BlackClock "0:00:03"]

1. e4 c6 2. d4 d5 3. exd5 cxd5 4. Nf3 Nf6 5. c3 Nc6 6. Bd3 Bg4 7. h3 Bh5 8. Bf4 e6 9. Nbd2 Bd6 10. Bxd6 Qxd6 11. O-O O-O 12. Re1 a6 13. a4 Rab8 14. a5 b6 15. axb6 Rxb6 16. b4 Ra8 17. Nb3 Bg6 18. Bxg6 hxg6 19. Ne5 Ne4 20. Rxe4 dxe4 21. Nc4 Qc7 22. Nxb6 Qxb6 23. Nc5 a5 24. Nxe4 Rd8 25. bxa5 Nxa5 26. Qa4 Nc6 27. Qa6 Qxa6 28. Rxa6 Ne7 29. Ng5 Nd5 30. c4 Nf4 31. Kf1 Rb8 32. f3 f6 33. Nxe6 Rb1+ 34. Kf2 Rb2+ 35. Ke3 Nxg2+ 36. Kd3 Ne1+ 37. Kc3 Rc2+ 38. Kb4 Nxf3 39. d5 Ne5 40. c5 g5 41. c6 Kh7 42. c7 Nd3+ 43. Kb3 Rc1 44. Rc6 Rb1+ 45. Kc3 1-0


[Site "https://www.chess.com"]

[Event "Titled Tuesday Blitz January 10 Early 2023"]
[White "Kosteniuk, Alexandra"]
[Black "Janaszak, Dawid"]
[WhiteFideId "4128125"]
[BlackFideId "1119206"]
[WhiteElo "2535"]
[BlackElo "2316"]
[Result "1/2-1/2"]
[Round "10"]
[TimeControl "180+2"]
[Date "2023.01.10"]
[WhiteClock "0:00:11"]
[BlackClock "0:00:08"]

1. e4 c5 2. c3 e5 3. Nf3 Nc6 4. Bc4 Nf6 5. Ng5 d5 6. exd5 Na5 7. d3 h6 8. Bb5+ Bd7 9. Bxd7+ Qxd7 10. Ne4 Nxd5 11. O-O Be7 12. Qh5 Nc6 13. Na3 O-O 14. Rd1 f5 15. Ng3 Rad8 16. Nc2 Qe6 17. Re1 Nf6 18. Qe2 Qd7 19. f4 Qxd3 20. Qxd3 Rxd3 21. Nxf5 Bd8 22. fxe5 Ng4 23. Nfe3 Ngxe5 24. Nf1 Bb6 25. Be3 Nc4 26. b3 Rxc3 27. Rac1 Nxe3 28. Ncxe3 Rxc1 29. Rxc1 c4 30. Rxc4 Rxf1+ 31. Kxf1 Bxe3 32. Re4 Bc5 33. Ke2 Kf7 34. Kd3 Bd6 35. g3 Be5 36. a3 Ke6 37. b4 a6 38. Rc4 Bd6 39. Ke4 h5 40. Rc1 g6 41. Rc2 g5 42. Rc4 h4 43. gxh4 gxh4 44. Ke3 Be7 45. Re4+ Kd5 46. Rg4 Ne5 47. Rg7 Ke6 48. Ke4 Nc6 49. Rg6+ Bf6 50. Rh6 b5 51. Rh7 Ne7 52. Rh6 Nf5 53. Rh7 Nd6+ 54. Kd3 Kf5 55. Ra7 Be5 56. h3 Ne4 57. Rxa6 Nf2+ 58. Ke2 Nxh3 59. a4 Nf4+ 60. Kf3 bxa4 61. Rxa4 h3 62. Ra2 Ne6 63. Ke3 h2 64. Rxh2 Bxh2 65. Kd3 Bg1 66. Kc4 Ke4 67. Kb5 Nc7+ 68. Kc6 Nd5 69. b5 Nb4+ 70. Kc7 Nd5+ 71. Kc6 Bb6 72. Kb7 Kd4 73. Kc6 Kc4 74. Kd6 Kxb5 75. Kxd5 1/2-1/2


[Site "https://www.chess.com"]

[Event "Titled Tuesday Blitz January 10 Early 2023"]
[White "Goryachkina, Aleksandra"]
[Black "Karttunen, Mika"]
[WhiteFideId "4147103"]
[BlackFideId "502081"]
[WhiteElo "2571"]
[BlackElo "2490"]
[Result "0-1"]
[Round "10"]
[TimeControl "180+2"]
[Date "2023.01.10"]
[WhiteClock "0:00:01"]
[BlackClock "0:00:10"]

1. e4 c5 2. Nf3 d6 3. Bb5+ Bd7 4. Bxd7+ Qxd7 5. O-O Nc6 6. Re1 e6 7. c3 Nf6 8. d4 cxd4 9. cxd4 Be7 10. Nc3 O-O 11. h3 Rac8 12. Bf4 Rfd8 13. d5 exd5 14. exd5 Na5 15. Nd4 h6 16. Qf3 Nc4 17. Re2 Bf8 18. Bxh6 Ne5 19. Qg3 Rc4 20. Rd1 Re8 21. Be3 Be7 22. Ree1 Nh5 23. Qh2 Bh4 24. Kh1 a6 25. g3 Bd8 26. g4 Nf6 27. Qg2 Ba5 28. Nf5 Bxc3 29. bxc3 Ne4 30. Bd4 Nxc3 31. Rc1 Nb5 32. Rxc4 Nxc4 33. Rxe8+ Qxe8 34. Be3 Nxe3 35. Nxe3 Qe5 36. Qf3 Nc3 37. a3 g6 38. Kg2 Ne4 39. h4 Qd4 40. h5 Kg7 41. hxg6 fxg6 42. Qf4 b5 43. g5 a5 44. Qg4 Qe5 45. Qd7+ Kf8 46. Qc8+ Kg7 47. Qd7+ Kf8 48. Qc8+ Kf7 49. Qd7+ Qe7 50. Qxb5 Qxg5+ 51. Kf1 Qf4 52. Qd7+ Kf8 53. Qd8+ Kg7 54. Qe7+ Kh6 0-1


[Site "https://www.chess.com"]

[Event "Titled Tuesday Blitz January 10 Early 2023"]
[White "Starozhilov, Leonid"]
[Black "Turzo, Attila"]
[WhiteFideId "14106752"]
[BlackFideId "704954"]
[WhiteElo "2313"]
[BlackElo "2279"]
[Result "0-1"]
[Round "10"]
[TimeControl "180+2"]
[Date "2023.01.10"]
[WhiteClock "0:00:03"]
[BlackClock "0:00:05"]

1. b3 d5 2. Bb2 e6 3. Nf3 Nf6 4. c4 Be7 5. g3 b6 6. Bg2 Bb7 7. O-O O-O 8. cxd5 Nxd5 9. d4 Nd7 10. Nbd2 c5 11. Rc1 Rc8 12. e3 cxd4 13. Nxd4 Rxc1 14. Qxc1 Qa8 15. Qa1 Rc8 16. Nb5 f6 17. Nc4 Qb8 18. Rd1 a6 19. Nc3 b5 20. Nxd5 Bxd5 21. Bxd5 exd5 22. Rxd5 Nc5 23. Nd2 Qb7 24. Rd4 Ne6 25. Rd3 Ng5 26. e4 Nxe4 27. Nxe4 Qxe4 28. Re3 Qb7 29. Qe1 Kf7 30. Bd4 Rd8 31. Re4 Bf8 32. h4 Qd5 33. Qe2 h5 34. Bc3 Qd1+ 35. Qxd1 Rxd1+ 36. Kg2 Rd3 37. Ba5 Bd6 38. Re2 Be5 39. Rc2 Rd6 40. Bb4 Re6 41. Bd2 Bd4 42. Kf3 Kg6 43. a4 bxa4 44. bxa4 Kf5 45. Bf4 g5 46. hxg5 fxg5 47. Bd2 g4+ 48. Kg2 Re2 49. Ra2 Rxf2+ 50. Kh1 Be3 0-1


[Site "https://www.chess.com"]

[Event "Titled Tuesday Blitz January 10 Early 2023"]
[White "Hambleton, Aman"]
[Black "Tikhonov, Viacheslav"]
[WhiteFideId "2606577"]
[BlackFideId "44196407"]
[WhiteElo "2420"]
[BlackElo "2220"]
[Result "0-1"]
[Round "10"]
[TimeControl "180+2"]
[Date "2023.01.10"]
[WhiteClock "0:00:03"]
[BlackClock "0:00:42"]

1. d4 Nf6 2. c4 e6 3. Nc3 d5 4. cxd5 exd5 5. Bg5 Bb4 6. e3 h6 7. Bh4 g5 8. Bg3 Ne4 9. Qc2 h5 10. f3 Nxg3 11. hxg3 Be6 12. Qa4+ Nc6 13. Rc1 a6 14. Bd3 Bd6 15. Nge2 Qe7 16. a3 Kf8 17. e4 dxe4 18. fxe4 Bg4 19. e5 Bxe5 20. dxe5 Nxe5 21. Be4 Kg7 22. Qd4 Rad8 23. Qf2 f5 24. Bb1 Nc4 25. O-O Rd2 26. Bxf5 Rf8 27. Ne4 Rxe2 28. Qd4+ Ne5 29. Bxg4 Rxf1+ 30. Rxf1 hxg4 31. Nc5 Qd6 32. Qc3 Qd5 33. Rf2 Rxf2 34. Kxf2 Qxc5+ 35. Qxc5 Nd3+ 36. Ke3 Nxc5 0-1


[Site "https://www.chess.com"]

[Event "Titled Tuesday Blitz January 10 Early 2023"]
[White "Martinez Ramirez, Lennis"]
[Black "Goltseva, Ekaterina"]
[WhiteFideId "3509079"]
[BlackFideId "24173770"]
[WhiteElo "2426"]
[BlackElo "2283"]
[Result "1-0"]
[Round "10"]
[TimeControl "180+2"]
[Date "2023.01.10"]
[WhiteClock "0:01:14"]
[BlackClock "0:00:01"]

1. d4 d6 2. e4 e5 3. Nf3 Nd7 4. Bc4 Be7 5. dxe5 Nxe5 6. Nxe5 dxe5 7. Qh5 g6 8. Qxe5 Nf6 9. Bh6 Qd6 10. Qxd6 cxd6 11. Nc3 Ng4 12. Bg7 Rg8 13. Bd4 Be6 14. Bd5 O-O-O 15. Bxa7 Bf6 16. O-O-O Bxc3 17. bxc3 Ne5 18. f4 Nc4 19. Rd4 b5 20. Bxc4 Bxc4 21. Bb6 Rd7 22. a4 Kb7 23. a5 d5 24. Rhd1 Kc6 25. Kb2 Re8 26. e5 f6 27. Re1 fxe5 28. fxe5 Rde7 29. Rh4 h5 30. Bd4 Ra8 31. Ra1 b4 32. Rf4 bxc3+ 33. Kxc3 Re6 34. Rf6 Rxf6 35. exf6 Kd6 36. h3 Ke6 37. g4 hxg4 38. hxg4 g5 39. Re1+ Kf7 40. Re7+ Kg6 41. Rg7+ Kh6 42. Be3 d4+ 43. Kxd4 Rxa5 44. Bxg5+ 1-0


[Site "https://www.chess.com"]

[Event "Titled Tuesday Blitz January 10 Early 2023"]
[White "Papasimakopoulos, Alexandros"]
[Black "surrenderPLS"]
[WhiteFideId "4244125"]
[WhiteElo "2401"]
[BlackElo "2533"]
[Result "1-0"]
[Round "10"]
[TimeControl "180+2"]
[Date "2023.01.10"]
[WhiteClock "0:01:51"]
[BlackClock "0:00:01"]

1. b3 Nf6 2. Bb2 g6 3. g3 Bg7 4. Bg2 O-O 5. Nf3 d6 6. d4 Nbd7 7. O-O e5 8. dxe5 Ng4 9. c4 Ngxe5 10. Nc3 Nxf3+ 11. exf3 a5 12. Qd2 Nc5 13. Ne2 Bd7 14. Nf4 Bc6 15. Bxg7 Kxg7 16. Nd5 Bxd5 17. Qxd5 Qf6 18. f4 Rfe8 19. Rab1 Re2 20. a3 c6 21. Qd1 Rae8 22. b4 axb4 23. axb4 Na6 24. b5 cxb5 25. Bxb7 Nc5 26. Bf3 Rb2 27. cxb5 Rxb1 28. Qxb1 Qc3 29. Qa1 Qxa1 30. Rxa1 Rb8 31. Bc6 Kf6 32. Rb1 Na4 33. Kg2 Ke7 34. Re1+ Kf6 35. Re3 Nc5 36. h4 h5 37. f3 Ne6 38. Rd3 Ke7 39. Kf2 Rb6 40. Ke3 Nc7 41. Rb3 d5 42. g4 Kd6 43. f5 gxf5 44. gxh5 Kc5 45. h6 Ne6 46. Be8 d4+ 47. Kf2 1-0


[Site "https://www.chess.com"]

[Event "Titled Tuesday Blitz January 10 Early 2023"]
[White "Ilkhomi, Jaloliddin"]
[Black "Musovic, Armin"]
[WhiteFideId "14700948"]
[BlackFideId "939935"]
[WhiteElo "1997"]
[BlackElo "2261"]
[Result "1/2-1/2"]
[Round "10"]
[TimeControl "180+2"]
[Date "2023.01.10"]
[WhiteClock "0:00:11"]
[BlackClock "0:00:06"]

1. d4 d5 2. Bf4 c5 3. e3 cxd4 4. exd4 Nc6 5. c3 f6 6. Nf3 g5 7. Bg3 h5 8. h3 Bf5 9. Bd3 Bxd3 10. Qxd3 Kf7 11. Nbd2 e6 12. O-O-O Nh6 13. Rde1 Rc8 14. Kb1 Qd7 15. Re2 Nf5 16. Rhe1 Ng7 17. Nh2 h4 18. Ng4 hxg3 19. fxg3 f5 20. Rf2 Be7 21. Nf3 Kg8 22. Nge5 Nxe5 23. Nxe5 Qe8 24. g4 a6 25. gxf5 exf5 26. g4 f4 27. Ng6 Rxh3 28. Qxh3 Qxg6+ 29. Ka1 Bf6 30. Rh2 Rd8 31. Rhe2 Kf7 32. Qf3 Rd7 33. a3 b5 34. a4 bxa4 35. Ka2 Kf8 36. Rh2 Kg8 37. Qe2 Re7 38. Qf2 Rxe1 39. Qxe1 Qd3 40. Re2 Qb5 41. Rd2 Qb3+ 42. Ka1 a3 43. Qc1 axb2+ 44. Rxb2 Qa4+ 45. Kb1 Qe8 46. Ka1 Kh7 47. Qb1+ Qg6 48. Rh2+ Nh5 49. Rxh5+ Kg7 50. Qxg6+ Kxg6 51. Kb2 Be7 52. Kc2 Bd6 53. Kd3 a5 54. Rh1 a4 55. Ra1 a3 56. c4 dxc4+ 57. Kxc4 f3 58. Ra2 Kf6 59. Kd3 Ke6 60. Ke4 Bb4 61. Kxf3 Kd5 62. Ke3 Kc4 63. d5 Kb3 64. Ra1 a2 65. Rd1 Kb2 66. Ke4 a1=Q 67. Rxa1 Kxa1 68. Kf5 Be7 69. Ke6 Bd8 70. Kd7 Bb6 71. Kc6 Bd8 72. d6 Kb2 73. Kd7 Ba5 74. Ke7 Kc3 75. d7 Kd4 76. Kf6 Kd5 77. Kxg5 Ke6 78. Kg6 Kxd7 79. Kf7 Bd2 80. Kf6 Bc1 81. Kf7 Bd2 82. Kf6 Bc1 83. Kf7 Bd2 1/2-1/2


[Site "https://www.chess.com"]

[Event "Titled Tuesday Blitz January 10 Early 2023"]
[White "Shuvalova, Polina"]
[Black "Parpiev, Isaak"]
[WhiteFideId "24171760"]
[BlackFideId "34281576"]
[WhiteElo "2484"]
[BlackElo "2167"]
[Result "0-1"]
[Round "10"]
[TimeControl "180+2"]
[Date "2023.01.10"]
[WhiteClock "0:00:01"]
[BlackClock "0:00:03"]

1. d4 Nf6 2. Nf3 e6 3. Bg5 d5 4. Nbd2 c5 5. e3 Nc6 6. c3 cxd4 7. exd4 Be7 8. Bd3 O-O 9. O-O Rb8 10. Bf4 Bd6 11. Bxd6 Qxd6 12. Qe2 a6 13. Ne5 b5 14. a3 Bd7 15. f4 a5 16. b4 axb4 17. axb4 Ne7 18. g4 Rbc8 19. Ra7 Rxc3 20. g5 Qb6 21. gxf6 gxf6 22. Rxd7 Qxd4+ 23. Qf2 fxe5 24. Qxd4 exd4 25. Bxb5 Nf5 26. Ba6 Kg7 27. b5 Kf6 28. Kf2 Rc2 29. Ke2 Ra2 30. Rc1 Rg8 31. Kd3 Rg2 32. Nb3 Rxh2 33. Nd2 Rhxd2# 0-1


[Site "https://www.chess.com"]

[Event "Titled Tuesday Blitz January 10 Early 2023"]
[White "Florescu, Codrut-Constantin"]
[Black "Sattarov, Bobir"]
[WhiteFideId "1202200"]
[BlackFideId "14203081"]
[WhiteElo "2259"]
[BlackElo "2366"]
[Result "1-0"]
[Round "10"]
[TimeControl "180+2"]
[Date "2023.01.10"]
[WhiteClock "0:00:40"]
[BlackClock "0:00:07"]

1. d4 Nf6 2. c4 e6 3. Nf3 d5 4. Nc3 Bb4 5. Qa4+ Nc6 6. e3 O-O 7. Bd2 Bd6 8. Bd3 a6 9. Qc2 Nb4 10. Qb1 Nxd3+ 11. Qxd3 dxc4 12. Qxc4 b5 13. Qe2 Bb7 14. O-O c5 15. dxc5 Bxc5 16. Rac1 Rc8 17. Rfd1 Qe7 18. a3 h6 19. b4 Ba7 20. Be1 Rc4 21. Nb1 Rfc8 22. Rxc4 bxc4 23. Nc3 Ne4 24. Nxe4 Bxe4 25. Bc3 Bd3 26. Qb2 f6 27. Ne1 Be4 28. Qd2 e5 29. Qd6 Qb7 30. Qe6+ Kh7 31. Rd7 Rc7 32. Rd8 Qc6 33. Qg8+ Kg6 34. Qf8 Rf7 35. Qd6 Bb6 36. Qxc6 Bxc6 37. Rd6 Rc7 38. Bxe5 Kf5 39. Bc3 Ba7 40. Kf1 h5 41. Ke2 h4 42. f3 Bb8 43. Nc2 Kg6 44. Rd8 Rb7 45. Nd4 Bd7 46. f4 Kf7 47. Rh8 g5 48. g3 h3 49. f5 g4 50. e4 Be5 51. Kd2 Rb8 52. Rh7+ Ke8 53. Ne2 Rd8 54. Rh8+ Ke7 55. Rxd8 Kxd8 56. Bxe5 fxe5 57. Nc3 Bc6 58. Ke3 Ke7 59. a4 Kf6 60. b5 axb5 61. axb5 Bb7 62. Na4 Ke7 63. Nc5 Ba8 64. b6 c3 65. b7 c2 66. Kd2 Bxb7 67. Nxb7 1-0


[Site "https://www.chess.com"]

[Event "Titled Tuesday Blitz January 10 Early 2023"]
[White "Barria Zuniga, Daniel"]
[Black "Pein, Jonathan"]
[WhiteFideId "3400816"]
[BlackFideId "417092"]
[WhiteElo "2341"]
[BlackElo "2265"]
[Result "1-0"]
[Round "10"]
[TimeControl "180+2"]
[Date "2023.01.10"]
[WhiteClock "0:01:12"]
[BlackClock "0:00:52"]

1. d4 d6 2. Nf3 Nf6 3. c4 g6 4. Nc3 Bg7 5. e4 O-O 6. Be2 e5 7. d5 a5 8. Bg5 h6 9. Bh4 Na6 10. Nd2 Nc5 11. O-O Bd7 12. Qc2 h5 13. Bg5 Qe8 14. b3 Kh7 15. a3 Ng8 16. b4 axb4 17. axb4 Na4 18. Nb5 Bxb5 19. cxb5 Nb6 20. Qxc7 Rxa1 21. Rxa1 Nd7 22. Qxd6 f5 23. f3 Ngf6 24. b6 Qc8 25. Qc7 f4 26. Nc4 Nxd5 27. exd5 e4 28. Nd6 Bd4+ 29. Kf1 Qxc7 30. bxc7 Bxa1 31. c8=Q Rxc8 32. Nxc8 exf3 33. Bxf3 Bc3 1-0


[Site "https://www.chess.com"]

[Event "Titled Tuesday Blitz January 10 Early 2023"]
[White "Piesik, Piotr"]
[Black "Ladan, Nicholas"]
[WhiteFideId "1136194"]
[BlackFideId "30918855"]
[WhiteElo "2426"]
[BlackElo "2228"]
[Result "1-0"]
[Round "10"]
[TimeControl "180+2"]
[Date "2023.01.10"]
[WhiteClock "0:02:15"]
[BlackClock "0:01:47"]

1. Nf3 d5 2. g3 Nf6 3. Bg2 g6 4. O-O Bg7 5. d4 O-O 6. c4 c6 7. Nc3 dxc4 8. a4 b6 9. e3 Qc7 10. Ne5 Be6 11. Qe2 Nd5 12. Nxc4 Nxc3 13. bxc3 Nd7 14. Ba3 Rfe8 15. a5 Rac8 16. axb6 axb6 17. Nd2 Nf6 18. Rfb1 c5 19. Bb2 Ra8 20. Rxa8 Rxa8 21. Bxa8 Qb7 1-0


[Site "https://www.chess.com"]

[Event "Titled Tuesday Blitz January 10 Early 2023"]
[White "Demin, Vladimir"]
[Black "Shuvalov, Evgenij"]
[WhiteFideId "4167457"]
[BlackFideId "4187237"]
[WhiteElo "2430"]
[BlackElo "2038"]
[Result "0-1"]
[Round "10"]
[TimeControl "180+2"]
[Date "2023.01.10"]
[WhiteClock "0:01:47"]
[BlackClock "0:00:23"]

1. d4 Nf6 2. Nc3 e6 3. e4 d5 4. Bg5 Bb4 5. exd5 exd5 6. Nf3 O-O 7. Be2 h6 8. Bh4 g5 9. Bg3 Ne4 10. O-O Bxc3 11. bxc3 Nxc3 12. Qd3 Nxe2+ 13. Qxe2 Bf5 14. h4 Nc6 15. Qd2 f6 16. Rfe1 Qd7 17. Rab1 b6 18. Rb5 Be4 19. c4 Bxf3 20. gxf3 dxc4 21. d5 Ne5 22. Bxe5 Qxb5 23. hxg5 fxe5 24. gxh6 Kh8 25. Rxe5 Rg8+ 26. Kh2 Qb1 27. Rg5 Qd3 28. Qf4 Rxg5 29. Qxg5 Qd4 0-1


[Site "https://www.chess.com"]

[Event "Titled Tuesday Blitz January 10 Early 2023"]
[White "Hamley, Ryan"]
[Black "Ansh M Shah"]
[WhiteFideId "30959497"]
[BlackFideId "25033379"]
[WhiteElo "2092"]
[BlackElo "2171"]
[Result "1-0"]
[Round "10"]
[TimeControl "180+2"]
[Date "2023.01.10"]
[WhiteClock "0:00:45"]
[BlackClock "0:00:20"]

1. d4 Nf6 2. c4 e6 3. Nf3 d5 4. Nc3 Be7 5. Bf4 O-O 6. e3 c6 7. c5 Nbd7 8. b4 b6 9. h3 a5 10. a3 Ba6 11. Bxa6 Rxa6 12. O-O Qa8 13. Rb1 Ne4 14. Nxe4 dxe4 15. Nd2 Nf6 16. Nc4 bxc5 17. bxc5 Nd5 18. Qc2 f5 19. Bd6 Bxd6 20. Nxd6 Ra7 21. Rb2 Qd8 22. Qa4 Rc7 23. Qxa5 Qg5 24. f4 exf3 25. Rxf3 Re7 26. Re2 e5 27. Nxf5 Ref7 28. e4 Nf4 29. Ref2 Nh5 30. Qd2 Qxd2 31. Rxd2 exd4 32. Rxd4 g6 33. Nh6+ Kg7 34. Nxf7 Rxf7 35. Rxf7+ Kxf7 36. Rd6 1-0


[Site "https://www.chess.com"]

[Event "Titled Tuesday Blitz January 10 Early 2023"]
[White "Szpar, Milosz"]
[Black "Shohat, Yotam"]
[WhiteFideId "1184989"]
[BlackFideId "2813955"]
[WhiteElo "2447"]
[BlackElo "2346"]
[Result "1-0"]
[Round "10"]
[TimeControl "180+2"]
[Date "2023.01.10"]
[WhiteClock "0:01:45"]
[BlackClock "0:00:03"]

1. e4 e5 2. Nf3 Nc6 3. Nc3 Nf6 4. Bb5 Nd4 5. Nxd4 exd4 6. e5 dxc3 7. exf6 Qxf6 8. dxc3 Bc5 9. O-O O-O 10. Bd3 h6 11. Qh5 b6 12. Bd2 Bb7 13. Rae1 Rae8 14. Qf5 Qxf5 15. Bxf5 Rxe1 16. Rxe1 Rd8 17. Bf4 c6 18. Bc7 Rc8 19. Bg3 Rd8 20. h4 d5 21. Bc7 Ra8 22. h5 Kf8 23. Bd7 Be7 24. a4 c5 25. a5 bxa5 26. Bxa5 Bd6 27. b3 Rb8 28. g3 Ba6 29. Bc6 Bb7 30. Bd7 Ba6 31. Rd1 Bb7 32. c4 d4 33. c3 Ke7 34. Ba4 Be5 35. f4 Bf6 36. Re1+ Kf8 37. Bc7 Rc8 38. Bd6+ Kg8 39. cxd4 Bxd4+ 40. Kh2 Bc6 41. g4 Bxa4 42. bxa4 Rc6 43. Re8+ Kh7 44. Rd8 Ra6 45. Rd7 Rxa4 46. Rxf7 Ra2+ 47. Kg3 a5 48. g5 hxg5 49. fxg5 Ra3+ 50. Kg4 Ra1 51. g6+ Kh6 52. Bf4# 1-0


[Site "https://www.chess.com"]

[Event "Titled Tuesday Blitz January 10 Early 2023"]
[White "Oro, Faustino"]
[Black "Ortega Ruiz, Jose Miguel"]
[WhiteFideId "20000197"]
[BlackFideId "2209713"]
[WhiteElo "2269"]
[BlackElo "2351"]
[Result "0-1"]
[Round "10"]
[TimeControl "180+2"]
[Date "2023.01.10"]
[WhiteClock "0:00:02"]
[BlackClock "0:01:15"]

1. e4 g6 2. d4 Bg7 3. Nc3 d6 4. f4 e5 5. Nf3 exd4 6. Nxd4 Nc6 7. Be3 Nf6 8. Be2 Qe7 9. Bf3 O-O 10. O-O Nxd4 11. Bxd4 c6 12. Qd2 Nd7 13. Rae1 Bxd4+ 14. Qxd4 Rd8 15. Qf2 Nb6 16. b3 Qf6 17. Qd2 Be6 18. a4 d5 19. e5 Qe7 20. Ne2 d4 21. g4 Qc5 22. Kg2 Bd5 23. Ng3 Bxf3+ 24. Rxf3 Nd5 25. Ne4 Qe7 26. f5 Ne3+ 27. Kh1 Qxe5 28. Ng3 Qd5 29. Qf2 Nxg4 30. Qe2 Re8 31. Ne4 gxf5 32. Rf4 Kh8 33. Qg2 Ne3 34. Qg5 Re6 35. Ref1 fxe4 36. Rg1 Qxg5 37. Rxg5 Nd5 0-1


[Site "https://www.chess.com"]